 Dungeon Crawl Stone Soup version 0.21-a0-329-g12f17e1 (webtiles) character file.

240 nono the Caller (level 6, -2/32 HPs)
             Began as a Kobold Summoner on Oct 1, 2017.
             Killed by divine providence
             ... invoked by an orc priest
              (13 damage)
             ... on level 4 of the Dungeon.
             The game lasted 00:14:18 (3311 turns).

nono the Caller (Kobold Summoner)                   Turns: 3311, Time: 00:14:19

Health: -2/32      AC: 11    Str:  5    XL:     6   Next: 30%
Magic:  5/12       EV: 11    Int: 19    God:
Gold:   207        SH:  4    Dex: 15    Spells: 10/13 levels left

rFire    . . .     SeeInvis +   i - +0 spear
rCold    + . .     Gourm    .   l - +0 buckler (curse)
rNeg     . . .     Faith    .   z - +2 ring mail {rC+}
rPois    .         Spirit   .   J - +0 helmet
rElec    .         Reflect  .   A - +1 cloak {MR+}
rCorr    .         Harm     .   (no gloves)
MR       +....                  e - +0 pair of boots (curse)
Stlth    ++........             w - amulet of magic regeneration
HPRegen  0.10/turn              k - ring of see invisible
MPRegen  0.38/turn              q - ring of wizardry

@: about to teleport
A: carnivore 3
a: no special abilities


You were on level 4 of the Dungeon.
You were full.

You visited 1 branch of the dungeon, and saw 4 of its levels.

You collected 207 gold pieces.

Inventory:

Hand Weapons
 g - a +0 club
 i - a +0 spear (weapon)
Missiles
 h - 7 tomahawks (quivered)
 u - 105 stones
Armour
 a - a +0 robe
 e - a cursed +0 pair of boots (worn)
 l - a cursed +0 buckler (worn)
 p - a +1 pair of boots
 z - a +2 ring mail of cold resistance (worn)
 A - a +1 cloak of magic resistance (worn)
 J - a +0 helmet (worn)
Jewellery
 d - an uncursed ring of ice
 k - a ring of see invisible (left hand)
 q - a ring of wizardry (right hand)
 w - an amulet of magic regeneration (around neck)
 x - an uncursed ring of resist corrosion
 G - a +3 ring of dexterity
 H - an uncursed amulet of regeneration {unknown}
Scrolls
 j - a scroll of immolation {unknown}
 m - a scroll of fear {unknown}
 n - a scroll of amnesia {unknown}
 s - a scroll of random uselessness {unknown}
 y - a scroll of fog {unknown}
 B - a scroll of teleportation
 C - 2 scrolls of remove curse {unknown}
 E - a scroll of magic mapping {unknown}
 F - 3 scrolls of identify {unknown}
Potions
 f - a potion of degeneration {unknown}
 o - 3 potions of heal wounds
 r - 2 potions of haste {unknown}
 t - 2 potions of mutation {unknown}
 v - a potion of brilliance {unknown}
 D - a potion of invisibility {unknown}
 I - 3 potions of flight {unknown}
 L - a potion of lignification {unknown}
Books
 b - a book of Callings

   Spells                             Type                      Level
   a - Summon Small Mammal            Summoning                    1
   b - Call Imp                       Summoning                    2
   c - Call Canine Familiar           Summoning                    3
   d - Summon Guardian Golem          Hexes/Summoning              3
   e - Summon Lightning Spire         Summoning/Air                4
   f - Summon Ice Beast               Ice/Summoning                4
Comestibles
 c - a meat ration
 K - a royal jelly


   Skills:
 - Level 3.1 Dodging
 - Level 2.8 Stealth
 + Level 4.3 Spellcasting
 + Level 5.7 Summonings


You had 10 spell levels left.
You knew the following spells:

 Your Spells              Type           Power        Failure   Level  Hunger
a - Summon Small Mammal   Summ           ####         4%          1    None
b - Call Imp              Summ           ####....     6%          2    #......


Dungeon Overview and Level Annotations

Branches:
Dungeon (4/15)
 Temple: D:4-7

Altars:
Elyvilon
Fedhas
Uskayaw
The Shining One


Innate Abilities, Weirdness & Mutations

You are small and have problems with some larger weapons.
You are carnivorous and can eat meat at any time.


Message History

The orc priest mumbles some strange prayers to Beogh against you.
Beogh smites you!
The worker ant waves its antennae.
Your crimson imp hits the worker ant.
The worker ant closely misses your crimson imp.
Your crimson imp blinks!
Something hits your crimson imp.
The worker ant waves its antennae.
Your crimson imp blinks!
You swap places.
The worker ant misses your crimson imp.
Your crimson imp hits the worker ant.
Okay, then.
As you read the scroll of teleportation, it crumbles to dust.
You feel strangely unstable.
The worker ant bites your crimson imp but does no damage.
Your crimson imp barely misses the worker ant.
The worker ant bites your crimson imp but does no damage.
The orc priest calls down the wrath of Beogh upon you.
Beogh smites you!
You die...

##...# ##...# ##.#.#
.....# ##.### ##.#
...# ######### ####
#..oa5..# #..###.@#
#..###..##
#########.....5...
#ao5ยง...#..###..###
#.#####)#.......#
#.#####.#......##
#5##....5...####
#o#[#.#.##.##
#.5###..####


You could see a worker ant, an orc priest and 2 friendly crimson imps.

Vanquished Creatures
  An orc priest (D:3)
  A bullfrog skeleton (D:3)
  A worker ant (D:4)
  2 adders
  2 oozes (D:1)
  2 dart slugs
  3 orcs
  A ball python (D:1)
  7 bats
  2 giant cockroaches (D:3)
  3 goblins
  5 hobgoblins
  3 jackals (D:1)
  4 kobolds
  A quokka (D:3)
  4 frilled lizards
  3 rats
45 creatures vanquished.

Vanquished Creatures (collateral kills)
  An orc priest (D:4)
  3 orc wizards
  2 adders
  2 worms
  3 leopard geckos
  9 orcs
  4 giant cockroaches
  3 goblins (D:3)
  4 hobgoblins
  7 jackals
  A quokka (D:3)
  7 bats
  2 frilled lizards (D:2)
  4 kobolds
  3 rats
55 creatures vanquished.

Grand Total: 100 creatures vanquished

Notes
Turn   | Place    | Note
-------+----------+-------------------------------------------
     0 | D:1      | nono the Kobold Summoner began the quest for the Orb.
     0 | D:1      | Reached XP level 1. HP: 10/10 MP: 3/3
     7 | D:1      | Noticed a hound
     7 | D:1      | Noticed a black bear
     7 | D:1      | Noticed a redback
   128 | D:1      | Reached XP level 2. HP: 8/15 MP: 1/5
   337 | D:1      | Learned a level 2 spell: Call Imp
   406 | D:1      | Reached XP level 3. HP: 17/19 MP: 2/6
   846 | D:2      | Found a blossoming altar of Fedhas.
  1061 | D:2      | Reached XP level 4. HP: 10/24 MP: 8/8
  1985 | D:3      | Reached skill level 5 in Summonings
  1985 | D:3      | Reached XP level 5. HP: 23/28 MP: 3/10
  2075 | D:3      | Found a hide-covered altar of Uskayaw.
  2123 | D:3      | Found a glowing golden altar of the Shining One.
  2959 | D:3      | Found a white marble altar of Elyvilon.
  3038 | D:4      | Reached XP level 6. HP: 26/32 MP: 7/12
  3311 | D:4      | Killed from afar by an orc priest

Vault maps used:
D:1:      onia_arrival_zoo_common
D:2:      fedhas_altar_3, serial_forest, infiniplex_forest_zigzag_1,
          infiniplex_forest_lined_room_2, infiniplex_forest_lined_ring,
          infiniplex_forest_zigzag_1, infiniplex_forest_straight_4
D:3:      lemuel_coloured_pillars_altar, nicolae_overflow_crystal_walls,
          nicolae_tso_swordbearing_angel

Skill      XL: |  1  2  3  4  5 |
---------------+----------------+-----
Dodging        | 3 |  3.1
Spellcasting   | 3 4 |  4.3
Summonings     | 5 |  5.7
Stealth        | |  2.8

Action                   |  1- 3 |  4- 6 || total
-------------------------+-------+-------++-------
Melee: Club              |    19 |       ||    19
       Unarmed           |     8 |       ||     8
       Spear             |    90 |   162 ||   252
 Cast: Summon Small Mamm |    20 |     6 ||    26
       Call Imp          |    10 |    54 ||    64
  Use: Scroll            |       |     2 ||     2
       Potion            |       |     1 ||     1
 Stab: Sleeping          |     3 |     3 ||     6
       Distracted        |     1 |     2 ||     3
  Eat: Chunk             |     9 |     7 ||    16
Armor: Robe              |    36 |       ||    36
       Ring mail         |       |    70 ||    70
Dodge: Dodged            |   146 |    74 ||   220
Block: Buckler           |    11 |    23 ||    34

Table legend:
 A = Spawn XP
 B = Non-spawn XP
 C = Spawn XP percentage of total XP
 D = Spawn monster count
 E = Non-spawn monster count
 F = Spawn count percentage of total count
 G = Total turns spent on level
                    A         B        C        D         E        F      G
               +---------+---------+-------+---------+---------+-------+---------
         Total |       0 |     344 |   0.0 |       0 |     100 |   0.0 |  3311
               +---------+---------+-------+---------+---------+-------+---------
           D:1 |       0 |      54 |   0.0 |       0 |      33 |   0.0 |   846
           D:2 |       0 |      42 |   0.0 |       0 |      19 |   0.0 |  1082
           D:3 |       0 |     142 |   0.0 |       0 |      37 |   0.0 |  1052
           D:4 |       0 |     106 |   0.0 |       0 |      11 |   0.0 |   331
               +---------+---------+-------+---------+---------+-------+---------
